[ AOE2 MATCH · #475993927 ]
UnrankedCumans vs Portuguese
[ REPLAY ANALYSIS · EXTRACTED FROM THE RECORDED GAME ]
Feudal
8:55
Castle
30:26
Imperial
38:11
| APM avg | 29.7 |
| APM peak | 75 |
| eAPM avg | 16.7 |
| Villagers / military | 109 / 48 |
Focus
⚔️ 27.5% · 🌾 72.5%
Battering Ram ×26 · Knight ×20 · Monk ×2
Feudal
11:04
Castle
14:39
Imperial
29:42
| APM avg | 30.0 |
| APM peak | 84 |
| eAPM avg | 14.5 |
| Villagers / military | 112 / 72 |
Focus
⚔️ 31.4% · 🌾 68.6%
Organ Gun ×66 · Trebuchet (Packed) ×6
Feudal
10:20
Castle
24:52
Imperial
42:45
| APM avg | 29.8 |
| APM peak | 66 |
| eAPM avg | 17.7 |
| Villagers / military | 80 / 65 |
Focus
⚔️ 39.8% · 🌾 60.2%
Militia ×35 · Spearman ×19 · Mangonel ×8 · Warrior Priest ×3
Feudal
10:06
Castle
14:46
Imperial
—
| APM avg | 65.1 |
| APM peak | 119 |
| eAPM avg | 34.1 |
| Villagers / military | 135 / 18 |
Focus
⚔️ 35.7% · 🌾 64.3%
Boyar ×13 · Mangonel ×4 · Monk ×1
Match map
Initial resources + every placement click. Lines = walls · curves = elevation contours. ◆ gold · ⬟ stone · ● berries · ✦ relic · ◌ wall gap
Your base· ✓ Closed at 30:26 · 0t walls · 2 gate(s)
DeZi's base· ✓ Closed at 14:39 · 0t walls · 2 gate(s)
EmmonsLiu's base· ✓ Closed at 24:52 · 0t walls · 2 gate(s)
Rayzor's base· ✓ Closed at 14:46 · 17t walls · 2 gate(s)
Smoothed initial terrain · ◌ = detected wall gap · hover for details
Inputs per minute
— YeMannn - - DeZi
Build order — YeMannn
First 150 of 288 actions detected
| 0:02 | Create | Villager (Male) ×4 |
| 0:02 | Create | Villager (Male) ×4 |
| 0:04 | Build | House |
| 0:06 | Build | House |
| 1:30 | Create | Villager (Male) |
| 2:08 | Create | Villager (Male) |
| 2:08 | Create | Villager (Male) |
| 2:15 | Build | Lumber Camp |
| 2:35 | Create | Villager (Male) |
| 2:44 | Create | Villager (Male) |
| 3:19 | Create | Villager (Male) |
| 3:33 | Create | Villager (Male) |
| 3:33 | Create | Villager (Male) |
| 3:36 | Build | House |
| 3:39 | Create | Villager (Male) |
| 3:51 | Create | Villager (Male) |
| 4:23 | Create | Villager (Male) |
| 4:23 | Create | Villager (Male) |
| 4:32 | Create | Villager (Male) |
| 5:09 | Build | Mill |
| 5:19 | Create | Villager (Male) |
| 5:41 | Create | Villager (Male) |
| 6:45 | Research | Feudal Age |
| 6:46 | Research | Loom |
| 6:56 | Build | Mining Camp |
| 7:22 | Create | Villager (Male) |
| 7:22 | Create | Villager (Male) |
| 7:35 | Build | House |
| 8:55 | Age | Feudal Age |
| 8:58 | Build | Blacksmith |
| 8:59 | Research | Double-Bit Axe |
| 9:02 | Create | Villager (Male) |
| 9:04 | Build | House |
| 9:22 | Build | Watch Tower |
| 10:10 | Create | Villager (Male) |
| 10:40 | Build | Siege Workshop |
| 11:00 | Create | Villager (Male) |
| 11:01 | Create | Villager (Male) |
| 11:25 | Create | Battering Ram |
| 12:07 | Create | Battering Ram |
| 12:14 | Create | Villager (Male) |
| 12:40 | Research | Fletching |
| 13:32 | Build | Watch Tower |
| 13:46 | Create | Battering Ram |
| 14:21 | Create | Villager (Male) |
| 14:22 | Create | Villager (Male) |
| 14:22 | Create | Villager (Male) |
| 14:27 | Build | House |
| 14:28 | Build | House |
| 14:29 | Build | House |
| 15:01 | Build | Watch Tower |
| 15:18 | Create | Battering Ram |
| 15:42 | Build | Watch Tower |
| 15:58 | Create | Battering Ram |
| 16:29 | Create | Villager (Male) |
| 16:30 | Create | Villager (Male) |
| 16:30 | Create | Villager (Male) |
| 16:30 | Create | Villager (Male) |
| 16:33 | Build | Farm |
| 16:33 | Build | Farm |
| 16:34 | Build | Farm |
| 17:56 | Create | Battering Ram |
| 18:07 | Create | Villager (Male) |
| 18:07 | Create | Villager (Male) |
| 18:08 | Create | Villager (Male) |
| 18:32 | Create | Battering Ram |
| 18:57 | Create | Villager (Male) |
| 19:02 | Build | Farm |
| 19:06 | Build | Farm |
| 19:08 | Research | Horse Collar |
| 19:10 | Create | Villager (Male) |
| 19:41 | Create | Battering Ram |
| 20:03 | Create | Villager (Male) |
| 20:03 | Create | Villager (Male) |
| 20:03 | Create | Villager (Male) |
| 20:04 | Create | Villager (Male) |
| 20:26 | Create | Villager (Male) |
| 20:31 | Build | Farm |
| 20:31 | Build | Farm |
| 20:34 | Build | Farm |
| 20:34 | Build | Farm |
| 20:51 | Create | Battering Ram |
| 20:57 | Create | Villager (Male) |
| 21:35 | Create | Battering Ram |
| 22:04 | Build | Farm |
| 22:06 | Build | Farm |
| 22:09 | Build | House |
| 22:09 | Build | House |
| 22:52 | Create | Battering Ram |
| 23:20 | Create | Villager (Male) |
| 23:20 | Create | Villager (Male) |
| 23:22 | Build | Farm |
| 23:22 | Create | Villager (Male) |
| 23:35 | Create | Villager (Male) |
| 23:39 | Build | Farm |
| 23:40 | Build | Farm |
| 23:44 | Build | Farm |
| 23:46 | Build | Farm |
| 23:47 | Create | Villager (Male) |
| 23:54 | Build | Farm |
| 23:55 | Build | Farm |
| 23:57 | Build | Farm |
| 24:00 | Build | Farm |
| 24:04 | Build | Farm |
| 24:22 | Create | Battering Ram |
| 25:41 | Create | Villager (Male) |
| 25:41 | Create | Villager (Male) |
| 25:41 | Create | Villager (Male) |
| 25:42 | Create | Villager (Male) |
| 26:14 | Create | Battering Ram |
| 26:17 | Create | Villager (Male) |
| 26:20 | Build | Farm |
| 26:25 | Build | Farm |
| 26:26 | Build | Farm |
| 26:28 | Build | Farm |
| 26:31 | Build | Farm |
| 26:33 | Create | Villager (Male) |
| 26:38 | Create | Villager (Male) |
| 26:48 | Build | Mining Camp |
| 26:52 | Create | Villager (Male) |
| 27:11 | Build | Farm |
| 27:20 | Build | House |
| 27:21 | Build | House |
| 27:25 | Build | Lumber Camp |
| 27:38 | Research | Castle Age |
| 28:17 | Create | Villager (Male) |
| 28:21 | Create | Villager (Male) |
| 28:22 | Create | Villager (Male) |
| 28:50 | Create | Battering Ram |
| 28:51 | Create | Battering Ram |
| 29:08 | Create | Villager (Male) |
| 29:16 | Research | Gold Mining |
| 29:46 | Create | Villager (Male) |
| 29:46 | Create | Villager (Male) |
| 30:03 | Build | Town Center |
| 30:08 | Create | Villager (Male) |
| 30:26 | Age | Castle Age |
| 30:27 | Create | Villager (Male) |
| 30:30 | Research | Gold Shaft Mining |
| 30:35 | Research | Capped Ram (upgrade) |
| 31:04 | Create | Villager (Male) |
| 31:15 | Build | Outpost |
| 31:17 | Build | Outpost |
| 31:20 | Build | Outpost |
| 31:21 | Build | Outpost |
| 31:23 | Build | Outpost |
| 31:24 | Build | Outpost |
| 31:25 | Build | Outpost |
| 31:54 | Create | Villager (Male) |
| 31:59 | Create | Villager (Male) |
Build order — DeZi
First 150 of 287 actions detected
| 0:02 | Create | Villager (Male) |
| 0:02 | Create | Villager (Male) |
| 0:02 | Create | Villager (Male) |
| 0:02 | Create | Villager (Male) |
| 0:04 | Build | House |
| 0:05 | Build | House |
| 1:27 | Create | Villager (Male) |
| 1:27 | Create | Villager (Male) |
| 2:00 | Build | Lumber Camp |
| 2:04 | Create | Villager (Male) |
| 2:04 | Create | Villager (Male) |
| 2:27 | Create | Villager (Male) |
| 2:27 | Create | Villager (Male) |
| 2:56 | Create | Villager (Male) |
| 2:56 | Create | Villager (Male) |
| 3:15 | Create | Villager (Male) |
| 3:15 | Create | Villager (Male) |
| 3:31 | Create | Villager (Male) |
| 3:36 | Build | House |
| 4:14 | Create | Villager (Male) |
| 4:14 | Create | Villager (Male) |
| 4:42 | Create | Villager (Male) |
| 4:42 | Create | Villager (Male) |
| 5:03 | Create | Villager (Male) |
| 5:03 | Create | Villager (Male) |
| 5:03 | Create | Villager (Male) |
| 5:10 | Build | Mill |
| 5:28 | Create | Villager (Male) |
| 5:28 | Create | Villager (Male) |
| 5:48 | Create | Villager (Male) |
| 5:48 | Create | Villager (Male) |
| 5:49 | Create | Villager (Male) |
| 6:13 | Build | House |
| 6:19 | Create | Villager (Male) |
| 6:19 | Create | Villager (Male) |
| 6:19 | Create | Villager (Male) |
| 7:28 | Build | Farm |
| 7:31 | Build | Farm |
| 7:33 | Build | Farm |
| 7:37 | Build | Farm |
| 7:38 | Create | Villager (Male) |
| 7:54 | Create | Villager (Male) |
| 8:40 | Build | Mining Camp |
| 8:54 | Research | Feudal Age |
| 10:02 | Build | House |
| 10:10 | Create | Villager (Male) |
| 10:10 | Create | Villager (Male) |
| 11:04 | Age | Feudal Age |
| 11:15 | Build | Market |
| 11:18 | Build | Blacksmith |
| 11:59 | Research | Castle Age |
| 11:59 | Research | Castle Age |
| 12:20 | Build | Mining Camp |
| 12:57 | Build | Mining Camp |
| 13:09 | Build | House |
| 13:10 | Build | House |
| 13:46 | Research | Double-Bit Axe |
| 13:46 | Research | Double-Bit Axe |
| 14:34 | Create | Villager (Male) |
| 14:35 | Create | Villager (Male) |
| 14:39 | Age | Castle Age |
| 14:59 | Build | Farm |
| 15:01 | Build | Farm |
| 15:02 | Build | Farm |
| 15:04 | Build | Farm |
| 15:13 | Research | Loom |
| 16:04 | Build | Castle |
| 16:36 | Create | Villager (Male) |
| 16:36 | Create | Villager (Male) |
| 16:36 | Create | Villager (Male) |
| 16:37 | Create | Villager (Male) |
| 16:52 | Build | Town Center |
| 17:16 | Create | Villager (Male) |
| 17:16 | Create | Villager (Male) |
| 17:17 | Create | Villager (Male) |
| 17:56 | Create | Villager (Male) |
| 17:56 | Create | Villager (Male) |
| 18:18 | Create | Villager (Male) |
| 18:19 | Create | Villager (Male) |
| 18:45 | Create | Villager (Male) |
| 18:46 | Create | Villager (Male) |
| 18:51 | Build | Farm |
| 18:52 | Build | Farm |
| 18:55 | Create | Villager (Male) |
| 18:56 | Create | Villager (Male) |
| 18:56 | Create | Villager (Male) |
| 18:56 | Create | Villager (Male) |
| 19:01 | Build | Farm |
| 19:03 | Build | Farm |
| 19:06 | Build | Farm |
| 19:19 | Build | Farm |
| 19:21 | Create | Villager (Male) |
| 19:21 | Create | Villager (Male) |
| 19:26 | Build | Farm |
| 19:42 | Build | Castle |
| 19:51 | Create | Villager (Male) |
| 19:51 | Create | Villager (Male) |
| 19:54 | Build | Farm |
| 19:58 | Build | Farm |
| 20:05 | Research | Horse Collar |
| 20:13 | Create | Villager (Male) |
| 20:13 | Create | Villager (Male) |
| 20:31 | Create | Villager (Male) |
| 20:31 | Create | Villager (Male) |
| 20:46 | Create | Villager (Male) |
| 20:47 | Create | Villager (Male) |
| 21:00 | Build | Town Center |
| 21:08 | Build | Farm |
| 21:08 | Build | Farm |
| 21:10 | Build | Farm |
| 21:11 | Build | Farm |
| 21:17 | Build | Mining Camp |
| 21:19 | Create | Villager (Male) |
| 21:19 | Create | Villager (Male) |
| 21:19 | Create | Villager (Male) |
| 21:19 | Create | Villager (Male) |
| 21:44 | Create | Villager (Male) |
| 21:44 | Create | Villager (Male) |
| 21:44 | Create | Villager (Male) |
| 21:48 | Create | Organ Gun |
| 21:49 | Create | Organ Gun |
| 21:49 | Create | Organ Gun |
| 22:05 | Create | Villager (Male) |
| 22:05 | Create | Villager (Male) |
| 22:06 | Create | Villager (Male) |
| 22:08 | Build | Farm |
| 22:22 | Create | Organ Gun |
| 22:22 | Create | Organ Gun |
| 23:19 | Create | Villager (Male) |
| 23:19 | Create | Villager (Male) |
| 23:20 | Create | Villager (Male) |
| 24:00 | Create | Villager (Male) |
| 24:00 | Create | Villager (Male) |
| 24:00 | Create | Villager (Male) |
| 24:09 | Create | Organ Gun |
| 24:09 | Create | Organ Gun |
| 24:09 | Create | Organ Gun |
| 24:38 | Build | Farm |
| 25:27 | Create | Villager (Male) |
| 25:27 | Create | Villager (Male) |
| 25:27 | Create | Villager (Male) |
| 25:45 | Build | Farm |
| 25:47 | Build | Farm |
| 25:55 | Build | House |
| 25:55 | Build | House |
| 26:32 | Research | Imperial Age |
| 26:36 | Create | Villager (Male) |
| 26:37 | Create | Villager (Male) |
| 26:40 | Create | Organ Gun |
| 26:40 | Create | Organ Gun |
Build order — EmmonsLiu
First 150 of 237 actions detected
| 0:02 | Create | Villager (Male) |
| 0:02 | Create | Villager (Male) |
| 0:03 | Create | Villager (Male) |
| 0:03 | Create | Villager (Male) |
| 0:04 | Build | House |
| 0:06 | Build | House |
| 1:39 | Create | Villager (Male) |
| 1:39 | Create | Villager (Male) |
| 1:48 | Create | Villager (Male) |
| 1:48 | Create | Villager (Male) |
| 2:30 | Create | Villager (Male) |
| 2:30 | Create | Villager (Male) |
| 2:48 | Build | Mule Cart |
| 2:58 | Create | Villager (Male) |
| 2:58 | Create | Villager (Male) |
| 3:22 | Create | Villager (Male) |
| 3:54 | Build | House |
| 4:03 | Build | House |
| 4:11 | Create | Villager (Male) |
| 4:11 | Create | Villager (Male) |
| 5:09 | Create | Villager (Male) |
| 5:21 | Create | Villager (Male) |
| 5:30 | Create | Villager (Male) |
| 5:38 | Create | Villager (Male) |
| 5:42 | Build | Mill |
| 6:15 | Build | House |
| 6:27 | Create | Villager (Male) |
| 6:49 | Build | House |
| 6:53 | Create | Villager (Male) |
| 7:19 | Create | Villager (Male) |
| 7:24 | Build | Barracks |
| 8:10 | Research | Feudal Age |
| 8:21 | Build | House |
| 8:25 | Create | Militia |
| 8:25 | Create | Militia |
| 8:25 | Create | Militia |
| 8:45 | Create | Militia |
| 8:46 | Create | Militia |
| 9:02 | Build | House |
| 9:05 | Create | Militia |
| 9:05 | Create | Militia |
| 9:39 | Build | Farm |
| 9:41 | Create | Villager (Male) |
| 9:43 | Create | Militia |
| 9:43 | Create | Militia |
| 10:01 | Build | Farm |
| 10:03 | Build | Farm |
| 10:10 | Build | Farm |
| 10:20 | Age | Feudal Age |
| 10:41 | Research | Man-at-Arms (upgrade) |
| 10:44 | Build | Farm |
| 11:13 | Create | Militia |
| 11:13 | Create | Militia |
| 11:35 | Create | Villager (Male) |
| 11:35 | Create | Villager (Male) |
| 11:44 | Create | Militia |
| 11:45 | Create | Militia |
| 12:02 | Build | Farm |
| 12:22 | Research | Long Swordsman (upgrade) |
| 12:35 | Build | Blacksmith |
| 12:36 | Create | Villager (Male) |
| 12:37 | Create | Villager (Male) |
| 12:53 | Build | House |
| 12:57 | Create | Militia |
| 12:57 | Create | Militia |
| 13:15 | Create | Villager (Male) |
| 13:16 | Create | Villager (Male) |
| 13:26 | Create | Villager (Male) |
| 13:26 | Create | Villager (Male) |
| 14:09 | Build | House |
| 14:10 | Build | House |
| 14:13 | Build | Farm |
| 14:14 | Create | Villager (Male) |
| 14:15 | Create | Villager (Male) |
| 14:19 | Build | Farm |
| 14:46 | Create | Militia |
| 14:46 | Create | Militia |
| 15:09 | Research | Scale Mail Armor |
| 15:10 | Build | House |
| 15:11 | Create | Villager (Male) |
| 15:11 | Create | Villager (Male) |
| 16:34 | Build | Farm |
| 16:35 | Create | Villager (Male) |
| 16:35 | Create | Villager (Male) |
| 16:40 | Create | Militia |
| 16:40 | Create | Militia |
| 18:06 | Build | Farm |
| 18:06 | Create | Villager (Male) |
| 18:07 | Create | Villager (Male) |
| 18:16 | Create | Villager (Male) |
| 18:17 | Create | Villager (Male) |
| 19:09 | Build | Market |
| 19:12 | Build | Farm |
| 19:15 | Build | Farm |
| 19:16 | Build | Farm |
| 19:17 | Build | Farm |
| 19:18 | Build | Farm |
| 19:18 | Build | Farm |
| 19:21 | Create | Militia |
| 19:21 | Create | Militia |
| 19:21 | Create | Militia |
| 19:49 | Build | House |
| 19:50 | Build | House |
| 19:55 | Build | Mill |
| 20:01 | Build | Farm |
| 20:04 | Create | Villager (Male) |
| 20:04 | Create | Villager (Male) |
| 21:00 | Create | Militia |
| 21:00 | Create | Militia |
| 21:01 | Create | Militia |
| 21:01 | Create | Militia |
| 21:47 | Create | Villager (Male) |
| 21:47 | Create | Villager (Male) |
| 21:58 | Research | Castle Age |
| 23:29 | Create | Villager (Male) |
| 23:29 | Create | Villager (Male) |
| 23:31 | Create | Militia |
| 23:31 | Create | Militia |
| 23:32 | Create | Militia |
| 24:03 | Build | Barracks |
| 24:25 | Build | Farm |
| 24:26 | Build | Farm |
| 24:27 | Build | Farm |
| 24:27 | Build | Farm |
| 24:28 | Build | Farm |
| 24:34 | Research | Horse Collar |
| 24:46 | Research | Pikeman (upgrade) |
| 24:49 | Create | Spearman |
| 24:49 | Create | Spearman |
| 24:50 | Create | Spearman |
| 24:52 | Age | Castle Age |
| 25:33 | Create | Spearman |
| 25:33 | Create | Spearman |
| 25:33 | Create | Spearman |
| 25:33 | Create | Spearman |
| 25:57 | Create | Spearman |
| 25:57 | Create | Spearman |
| 26:00 | Create | Villager (Male) |
| 26:00 | Create | Villager (Male) |
| 26:04 | Research | Two-Handed Swordsman (upgrade) |
| 26:19 | Research | Forging |
| 26:21 | Create | Spearman |
| 26:21 | Create | Spearman |
| 26:22 | Create | Spearman |
| 26:25 | Research | Gambesons |
| 26:31 | Research | Chain Mail Armor |
| 26:34 | Create | Militia |
| 26:34 | Create | Militia |
| 26:41 | Build | Farm |
| 26:53 | Create | Villager (Male) |
Build order — Rayzor
First 150 of 290 actions detected
| 0:00 | Create | Villager (Male) ×4 |
| 0:01 | Create | Villager (Male) ×4 |
| 0:02 | Build | House |
| 0:03 | Build | House |
| 1:23 | Create | Villager (Male) |
| 1:23 | Create | Villager (Male) |
| 2:03 | Create | Villager (Male) |
| 2:03 | Create | Villager (Male) |
| 2:06 | Build | Lumber Camp |
| 2:14 | Create | Villager (Male) |
| 2:15 | Create | Villager (Male) |
| 2:45 | Create | Villager (Male) |
| 3:01 | Create | Villager (Male) |
| 3:01 | Create | Villager (Male) |
| 3:28 | Build | House |
| 3:29 | Build | House |
| 3:29 | Build | House |
| 3:33 | Create | Villager (Male) |
| 3:33 | Create | Villager (Male) |
| 4:04 | Create | Villager (Male) |
| 4:04 | Create | Villager (Male) |
| 4:30 | Create | Villager (Male) |
| 4:31 | Create | Villager (Male) |
| 4:31 | Create | Villager (Male) |
| 4:32 | Build | Mill |
| 5:11 | Build | Farm |
| 5:22 | Create | Villager (Male) |
| 5:22 | Create | Villager (Male) |
| 5:22 | Create | Villager (Male) |
| 5:25 | Create | Villager (Male) |
| 5:25 | Create | Villager (Male) |
| 5:55 | Build | Farm |
| 6:09 | Create | Villager (Male) |
| 6:13 | Create | Villager (Male) |
| 6:14 | Create | Villager (Male) |
| 7:16 | Build | Mining Camp |
| 7:25 | Create | Villager (Male) |
| 7:46 | Build | Mining Camp |
| 7:53 | Research | Feudal Age |
| 9:31 | Create | Villager (Male) |
| 9:32 | Create | Villager (Male) |
| 9:56 | Build | Palisade Wall |
| 10:06 | Age | Feudal Age |
| 10:11 | Build | Market |
| 10:18 | Build | Palisade Wall |
| 10:25 | Research | Loom |
| 10:51 | Build | Blacksmith |
| 10:57 | Create | Villager (Male) |
| 11:25 | Build | Stone Wall |
| 11:39 | Create | Villager (Male) |
| 11:53 | Build | House |
| 11:55 | Build | House |
| 12:02 | Research | Castle Age |
| 12:02 | Research | Castle Age |
| 12:03 | Research | Castle Age |
| 12:18 | Build | Stone Wall |
| 12:23 | Build | Palisade Wall |
| 12:32 | Create | Villager (Male) |
| 13:21 | Build | Stone Wall |
| 13:25 | Build | Stone Wall |
| 13:32 | Build | Stone Wall |
| 14:46 | Age | Castle Age |
| 14:47 | Build | Castle |
| 15:10 | Create | Villager (Male) |
| 15:15 | Research | Horse Collar |
| 16:21 | Create | Boyar |
| 16:21 | Create | Boyar |
| 18:16 | Create | Boyar |
| 18:17 | Build | Monastery |
| 19:04 | Create | Boyar |
| 19:31 | Create | Monk |
| 21:18 | Build | Town Center |
| 23:41 | Build | Farm |
| 23:56 | Build | Farm |
| 24:38 | Create | Villager (Male) |
| 25:10 | Create | Villager (Male) |
| 25:14 | Create | Boyar |
| 25:15 | Create | Boyar |
| 25:18 | Create | Villager (Male) |
| 25:19 | Build | Farm |
| 25:42 | Build | Farm |
| 25:52 | Create | Villager (Male) |
| 25:53 | Build | Farm |
| 25:54 | Build | Farm |
| 26:29 | Build | Farm |
| 26:30 | Build | Farm |
| 26:31 | Build | Farm |
| 26:35 | Build | Farm |
| 26:46 | Create | Villager (Male) |
| 27:01 | Create | Villager (Male) |
| 27:28 | Build | Mining Camp |
| 27:56 | Create | Villager (Male) |
| 28:20 | Create | Villager (Male) |
| 28:22 | Build | Siege Workshop |
| 28:37 | Create | Villager (Male) |
| 28:51 | Create | Villager (Male) |
| 28:58 | Create | Villager (Male) |
| 29:09 | Create | Villager (Male) |
| 29:37 | Create | Mangonel |
| 29:37 | Create | Mangonel |
| 29:42 | Research | Double-Bit Axe |
| 29:42 | Research | Double-Bit Axe |
| 29:43 | Create | Villager (Male) |
| 30:01 | Build | House |
| 30:18 | Build | House |
| 30:27 | Build | Market |
| 30:42 | Create | Boyar |
| 30:50 | Create | Villager (Male) |
| 31:14 | Create | Mangonel |
| 31:15 | Create | Mangonel |
| 32:01 | Create | Villager (Male) |
| 32:08 | Create | Villager (Male) |
| 32:28 | Create | Villager (Male) |
| 32:46 | Create | Villager (Male) |
| 32:46 | Create | Villager (Male) |
| 32:46 | Create | Villager (Male) |
| 32:59 | Build | Town Center |
| 33:09 | Create | Villager (Male) |
| 33:23 | Create | Villager (Male) |
| 33:39 | Create | Villager (Male) |
| 34:09 | Create | Villager (Male) |
| 34:20 | Create | Villager (Male) |
| 34:34 | Build | Town Center |
| 34:40 | Create | Villager (Male) |
| 34:45 | Create | Villager (Male) |
| 34:47 | Build | Farm |
| 34:48 | Build | Farm |
| 34:49 | Build | Farm |
| 34:50 | Create | Villager (Male) |
| 34:58 | Create | Villager (Male) |
| 35:08 | Build | Farm |
| 35:13 | Create | Villager (Male) |
| 35:15 | Build | Farm |
| 35:16 | Create | Villager (Male) |
| 35:41 | Create | Villager (Male) |
| 35:48 | Create | Villager (Male) |
| 36:00 | Create | Villager (Male) |
| 36:04 | Create | Villager (Male) |
| 36:07 | Build | Farm |
| 36:08 | Build | Farm |
| 36:08 | Build | Farm |
| 36:16 | Create | Villager (Male) |
| 36:24 | Create | Villager (Male) |
| 36:27 | Build | Farm |
| 36:27 | Build | Farm |
| 36:29 | Build | Farm |
| 36:30 | Build | Farm |
| 36:41 | Create | Villager (Male) |
| 36:41 | Create | Villager (Male) |
| 36:45 | Build | Farm |
Match timeline
| 7:24 | EmmonsLiu · first_building Barracks |
| 8:55 | YeMannn · age_up feudal |
| 9:56 | Rayzor · wall_segment Palisade Wall x3 |
| 10:06 | Rayzor · age_up feudal |
| 10:18 | Rayzor · wall_segment Palisade Wall x4 |
| 10:20 | EmmonsLiu · age_up feudal |
| 10:40 | YeMannn · first_building Siege Workshop |
| 11:04 | DeZi · age_up feudal |
| 11:25 | Rayzor · wall_segment Stone Wall x1 |
| 12:02 | Rayzor · first_market_sell 100 stone |
| 12:18 | Rayzor · wall_segment Stone Wall x1 |
| 12:23 | Rayzor · wall_segment Palisade Wall x1 |
| 13:21 | Rayzor · wall_segment Stone Wall x1 |
| 13:25 | Rayzor · wall_segment Stone Wall x7 |
| 13:32 | Rayzor · wall_segment Stone Wall x1 |
| 13:58 | Rayzor · first_market_buy 500 stone |
| 14:39 | DeZi · age_up castle |
| 14:46 | Rayzor · age_up castle |
| 14:47 | Rayzor · first_building Castle |
| 16:04 | DeZi · first_building Castle |
| 18:10 | DeZi · tribute_sent a jugador 1 |
| 18:10 | DeZi · tribute_sent a jugador 3 |
| 18:10 | DeZi · tribute_sent a jugador 4 |
| 18:17 | Rayzor · first_building Monastery |
| 21:52 | EmmonsLiu · first_market_buy 100 food |
| 22:54 | DeZi · tribute_sent a jugador 1 |
| 22:54 | DeZi · tribute_sent a jugador 3 |
| 22:54 | DeZi · tribute_sent a jugador 4 |
| 23:58 | DeZi · tribute_sent a jugador 1 |
| 23:58 | DeZi · tribute_sent a jugador 3 |
| 23:58 | DeZi · tribute_sent a jugador 4 |
| 24:52 | EmmonsLiu · age_up castle |
| 26:27 | DeZi · first_market_buy 100 food |
| 26:29 | DeZi · first_market_sell 100 wood |
| 28:22 | Rayzor · first_building Siege Workshop |
| 29:07 | EmmonsLiu · first_building Siege Workshop |
| 29:42 | DeZi · age_up imperial |
| 30:26 | YeMannn · age_up castle |
| 31:37 | EmmonsLiu · first_building Monastery |
| 34:06 | YeMannn · first_building Monastery |
| 35:08 | EmmonsLiu · first_market_sell 100 food |
| 35:33 | YeMannn · first_building Barracks |
| 37:14 | YeMannn · first_building Stable |
| 37:47 | YeMannn · first_building Castle |
| 38:11 | YeMannn · age_up imperial |
| 42:45 | EmmonsLiu · age_up imperial |
| 43:40 | Rayzor · first_building Barracks |
| 44:20 | YeMannn · resign |
[ AI ANALYSIS · 1 CREDIT ]
What really happened in this match?
Wolo.gg analyzes every decision: build order, eco, micro, common mistakes by bracket. Personalized analysis on WhatsApp or Discord in 30 seconds.
Civ guide
Cumans
Perfil
Jugador #855377